 Dungeon Crawl Stone Soup version 0.19.4-9-g45fd643 (webtiles) character file.

266 Feta the Gusty (level 6, 0/32 HPs)
             Began as a Tengu Air Elementalist on Feb 20, 2017.
             Was an Initiate of Sif Muna.
             Slain by an ufetubus (1 damage)
             ... summoned by Eustachio
             ... on level 4 of the Dungeon.
             The game lasted 00:18:30 (3663 turns).

Feta the Gusty (Tengu Air Elementalist)             Turns: 3663, Time: 00:18:31

Health: 0/32       AC:  4    Str:  9      XL:     6   Next: 20%
Magic:  11/12      EV: 12    Int: 16      God:    Sif Muna [......]
Gold:   151        SH:  0    Dex: 10 (15) Spells: 3 memorised, 3 levels left

rFire  + . .     SeeInvis .     E - +3 short sword (speed)
rCold  . . .     Gourm    .     h - +0 leather armour
rNeg   . . .     Faith    .     (no shield)
rPois  .         Spirit   .     (helmet restricted)
rElec  .         Reflect  .     a - +0 cloak
rCorr  .         Harm     .     (no gloves)
MR     .....                    (boots unavailable)
Stlth  ++........               (no amulet)
                                q - ring of flight
                                e - ring of protection from fire

@: no status effects
A: beak, talons 3, able to fly 1
a: Fly, Renounce Religion, Evoke Flight


You were on level 4 of the Dungeon.
You worshipped Sif Muna.
Sif Muna was noncommittal.
You were not hungry.

You visited 1 branch of the dungeon, and saw 4 of its levels.

You collected 151 gold pieces.

Inventory:

Hand Weapons
 E - a +3 short sword of speed (weapon)
Missiles
 i - 163 stones (quivered)
 k - 99 sling bullets
 t - 52 arrows
Armour
 a - a +0 cloak (worn)
 h - a +0 leather armour (worn)
Magical Staves
 v - an uncursed staff of energy
Jewellery
 e - a ring of protection from fire (left hand)
 j - an uncursed ring of fire
 q - a ring of flight (right hand)
Wands
 B - a wand of confusion (24/48)
Scrolls
 l - a scroll of teleportation
 n - 2 scrolls of recharging
 r - a scroll of enchant weapon {unknown}
 w - 2 scrolls of noise {unknown}
 y - a scroll of identify {unknown}
Potions
 f - 3 potions of berserk rage {unknown}
 o - 2 potions of curing {unknown}
 s - 2 potions of degeneration {unknown}
 u - a potion of ambrosia {unknown}
 x - a potion of lignification {unknown}
 A - a potion of haste {unknown}
Books
 b - a book of Air

   Spells                             Type                      Level
   a - Shock                          Conjuration/Air              1
   b - Swiftness                      Charms/Air                   2
   c - Repel Missiles                 Charms/Air                   2
   d - Static Discharge               Conjuration/Air              3
   e - Lightning Bolt                 Conjuration/Air              5
Comestibles
 c - 4 bread rations
 d - 3 fruits
 g - 5 meat rations
 m - 2 beef jerkies
 z - 2 chunks of flesh


   Skills:
   Level 0.4 Maces & Flails
 + Level 2.0 Armour
 + Level 3.0 Dodging
 - Level 2.0 Stealth
 + Level 3.4 Spellcasting
 + Level 3.1 Conjurations
 + Level 6.0 Air Magic


You had 3 spell levels left.
You knew the following spells:

 Your Spells              Type           Power        Failure   Level  Hunger
a - Shock                 Conj/Air       ###.         4%          1    None
b - Swiftness             Chrm/Air       ##......     14%         2    ##.....
c - Lightning Bolt        Conj/Air       ###.......   94%         5    ######.


Dungeon Overview and Level Annotations

Branches:
Dungeon (4/15)
 Temple: D:4-7

Altars:
Qazlal
Sif Muna
Xom

Annotations:
D:3 Xiguana's ghost, amateur DrCK
D:4 Eustachio


Innate Abilities, Weirdness & Mutations

You have a beak for a mouth.
You have claws for feet.
You can fly.


Message History

You hit Eustachio but do no damage.
Eustachio is severely wounded.
The ufetubus closely misses you. The ufetubus completely misses you.
Eustachio hits you with a falchion.
* * * LOW HITPOINT WARNING * * *
Casting: Shock
Confirm with . or Enter, or press ? or * to list all spells.
Aiming: Shock
Press: ? - help, Shift-Dir - straight line, f/p - Eustachio
Aim: Eustachio, wielding a falchion and wearing a glowing leather armour (severely wounded)
The zap hits Eustachio.
Eustachio is severely wounded.
The zap misses the quasit.
The zap hits the quasit.
The quasit is lightly wounded.
The zap hits the ufetubus.
The ufetubus is almost dead.
The zap hits the ufetubus.
You kill the ufetubus!
The ufetubus hits you.
You die...

#.#####..###########
#.................<#
######.#############
#.........#
######.#..#
#..####@# #)...#..#
##.5###.# #..@@5#.#
#.#.#b'.# #########


You could see Eustachio, a quasit, an ufetubus and a bat.

Vanquished Creatures
  Blork the orc (D:4)
  An orc wizard (D:3)
  Terence (D:2)
  3 gnolls (D:3)
  3 adders (D:3)
  An ooze (D:3)
  4 worms
  A dart slug (D:2)
  3 orcs (D:3)
  2 ball pythons
  10 bats
  3 giant cockroaches
  10 goblins
  7 hobgoblins
  3 jackals (D:1)
  11 kobolds
  A quokka (D:3)
  5 frilled lizards
  4 rats
74 creatures vanquished.

Notes
Turn   | Place    | Note
-------+----------+-------------------------------------------
     0 | D:1      | Feta the Tengu Air Elementalist began the quest for the Orb.
     0 | D:1      | Reached XP level 1. HP: 10/10 MP: 4/4
   163 | D:1      | Reached XP level 2. HP: 11/15 MP: 4/6
   676 | D:1      | Reached XP level 3. HP: 16/19 MP: 4/7
   754 | D:1      | Reached skill level 5 in Air Magic
   944 | D:2      | Found a deep blue altar of Sif Muna.
   949 | D:2      | Became a worshipper of Sif Muna the Loreminder
   958 | D:2      | Found a shimmering altar of Xom.
  1436 | D:2      | Found a stormy altar of Qazlal.
  1436 | D:2      | Noticed Terence
  1455 | D:2      | Killed Terence
  1455 | D:2      | Reached XP level 4. HP: 18/24 MP: 1/8
  1915 | D:3      | Learned a level 2 spell: Swiftness
  2016 | D:3      | Reached skill level 1 in Armour
  2310 | D:3      | Gained mutation: You can fly. [Tengu growth]
  2310 | D:3      | Reached XP level 5. HP: 28/28 MP: 5/10
  2754 | D:3      | Noticed an eye of draining
  2803 | D:3      | Noticed Xiguana's ghost (amateur DrCK)
  2991 | D:3      | Noticed an eye of draining
  3305 | D:4      | Noticed Blork the orc
  3319 | D:4      | Killed Blork the orc
  3319 | D:4      | Reached skill level 6 in Air Magic
  3319 | D:4      | Reached XP level 6. HP: 12/32 MP: 0/12
  3435 | D:4      | Learned a level 5 spell: Lightning Bolt
  3447 | D:4      | Noticed Eustachio
  3662 | D:4      | HP: 1/32 [Eustachio/falchion (6)]
  3663 | D:4      | Slain by an ufetubus

Skill      XL: |  1  2  3  4  5 |
---------------+----------------+-----
Air Magic      | 5 6 |  6.0
Armour         | 1 2 |  2.0
Dodging        | 3 |  3.0
Conjurations   | 2 3 |  3.1
Spellcasting   | 3 |  3.4
Maces & Flails | |  0.4
Stealth        | |  2.0

Action                   |  1- 3 |  4- 6 || total
-------------------------+-------+-------++-------
Melee: Unarmed           |    15 |       ||    15
       Short sword       |    61 |    62 ||   123
       Kick              |    16 |    22 ||    38
       Peck              |    11 |    15 ||    26
       Whip              |     2 |    19 ||    21
       Staff             |     7 |       ||     7
       Flail             |       |    11 ||    11
Throw: Stone             |     3 |       ||     3
 Cast: Shock             |    49 |    85 ||   134
       Swiftness         |       |     1 ||     1
  Use: Scroll            |       |     4 ||     4
 Stab: Sleeping          |     1 |       ||     1
  Eat: Chunk             |     2 |     8 ||    10
Armor: Robe              |    10 |       ||    10
       Leather armour    |    21 |    38 ||    59
Dodge: Dodged            |    67 |    83 ||   150
